[Event "Late-Titled-Tuesday-Blitz-May-14-2024"]
[Site "Chess.com"]
[Date "2024.05.14"]
[Round "10"]
[White "Bala-Afiada"]
[Black "mfschulz"]
[Result "0-1"]
[WhiteElo "1966"]
[BlackElo "2257"]
[TimeControl "180+1"]
[EndTime "15:52:53 PDT"]
[Termination "mfschulz won by resignation"]

1. d4 Nf6 2. c4 c5 3. d5 e6 4.
Nc3 exd5 5. cxd5 d6 6. Nf3 a6 7. a4 g6 8. e4 Bg7 9. Nd2 Nbd7 10. Nc4 Nb6 11. Qc2 Nxc4 12. Bxc4 O-O 13. O-O Re8 14.
h3 Rb8 15. f4 Nh5 16. Bd2 Bd4+ 17. Kh2 b5 18. axb5 Bxc3 19. Bxc3 axb5 20. Bd3 b4 21. Be1 Qb6 22. Be2 Ng7 23. Bg3 b3 24. Qc3 Rxe4 25. Bf3 Re8 26. Ra3 Nf5 27. Bf2 Qb4 28.
Qxb4 Rxb4 29. g3 Nd4 30. Bd1 Bf5 31. Bxd4 Rxd4 32. Bxb3 Re2+ 33. Kg1 Rxb2 34. Ra8+ Kg7 35. Bd1 Bxh3 36. Re1 Rb1 37. Kf2 Rbxd1 0-1

[Event "Late-Titled-Tuesday-Blitz-May-14-2024"]
[Site "Chess.com"]
[Date "2024.05.14"]
[Round "10"]
[White "jeetjain"]
[Black "alexrustemov"]
[Result "1/2-1/2"]
[WhiteElo "2586"]
[BlackElo "2881"]
[TimeControl "180+1"]
[EndTime "15:52:56 PDT"]
[Termination "Game drawn by repetition"]

1. Nf3 d5 2. b3 Bf5 3. Bb2 e6 4. e3 Nf6 5. d4 Nbd7 6. Bd3 Bd6 7. O-O O-O 8. c4 c6 9. Nc3 Bxd3 10. Qxd3 Re8 11.
e4 dxe4 12. Nxe4 Nxe4 13. Qxe4 Qa5 14. a3 Rad8 15. b4 Qh5 16. h3 Qg6 17. Qxg6 hxg6 18. Rad1 b5 19. Rc1 Bf4 20. Rc2 Nb6 21. cxb5 cxb5 22.
Rc5 a6 23. Rc6 Nc4 24. Bc1 Rd6 25. Rxc4 bxc4 26. Bxf4 Rc6 27. Rc1 f6 28. Rc3 g5 29.
Be3 Kf7 30. Nd2 Rec8 31. Ne4 Rb8 32. Rxc4 Rxc4 33. Nd6+ Ke7 34. Nxc4 Rc8 35. Nb6 Rc3 36.
a4 Kd6 37. a5 Rb3 38. Bd2 Rb1+ 39. Kh2 Kc6 40. Kg3 Rb2 41. Be1 Rb1 42. Bd2 Rb2 43. Be1 Rb1 44. Bd2 1/2-1/2

[Event "Late-Titled-Tuesday-Blitz-May-14-2024"]
[Site "Chess.com"]
[Date "2024.05.14"]
[Round "10"]
[White "Hirna2005"]
[Black "VictorFcQNK"]
[Result "1-0"]
[WhiteElo "2324"]
[BlackElo "2143"]
[TimeControl "180+1"]
[EndTime "15:52:56 PDT"]
[Termination "Hirna2005 won by resignation"]

1. e4 e6 2. d4 d5 3. e5 c5 4. c3 Nc6 5. Be3 Qb6 6. Qd2 f6 7. Nf3 fxe5 8. Nxe5 Nxe5 9. dxe5 Be7 10. Bd3 Bd7 11.
O-O O-O-O 12. b4 h6 13. a4 Qc7 14. bxc5 Bxc5 15. Bd4 Ne7 16. Na3 Bxa3 17. Rxa3 Nc6 18.
Qe3 Kb8 19. Rb1 Nxd4 20. cxd4 Bc6 21. a5 Ka8 22. Qd2 Rhf8 23. Qb4 Rf4 24. g3 Rf3 25. a6 b6 26. Rc3 Qd7 27. Rbc1 Rc8 28. Kg2 Rff8 29. Rxc6 Rce8 30. Rc7 Qd8 31. Bb5 Re7 32.
Qxe7 1-0

[Event "Late-Titled-Tuesday-Blitz-May-14-2024"]
[Site "Chess.com"]
[Date "2024.05.14"]
[Round "10"]
[White "chess_sharparchitect"]
[Black "Akhayan"]
[Result "0-1"]
[WhiteElo "2359"]
[BlackElo "2448"]
[TimeControl "180+1"]
[EndTime "15:52:57 PDT"]
[Termination "Akhayan won by resignation"]

1. c4 e5 2. Nc3 Nf6 3. Nf3 Nc6 4. e3 Bb4 5. Qc2 O-O 6. Be2 Re8 7. O-O Bxc3 8.
Qxc3 e4 9. Nd4 Ne5 10. f4 exf3 11. Nxf3 d6 12. b3 Bg4 13. Bb2 h6 14. h3 Bd7 15. d4 Ng6 16. d5 Qe7 17. Rae1 Qxe3+ 18. Qxe3 Rxe3 19. Bxf6 gxf6 20. Bd1 Rae8 21. Kf2 Rxe1 22. Rxe1 Ne5 23. Bc2 Kg7 24. Nd4 a6 25. Re2 Rb8 26. a4 b5 27. axb5 axb5 28. Nf3 bxc4 29. Nxe5 fxe5 30. bxc4 Rb2 31. Ke3 f5 32. Bd3 f4+ 33. Kf2 Rxe2+ 34. Bxe2 e4 35. Bd1 Kf6 36. Bc2 Ke5 37. g3 Bxh3 38. gxf4+ Kxf4 39. Ba4 e3+ 40. Ke1 Bg4 41. Bc2 h5 0-1

[Event "Late-Titled-Tuesday-Blitz-May-14-2024"]
[Site "Chess.com"]
[Date "2024.05.14"]
[Round "10"]
[White "KorolDimitriy75"]
[Black "VladimirBugayev"]
[Result "0-1"]
[WhiteElo "2399"]
[BlackElo "2339"]
[TimeControl "180+1"]
[EndTime "15:52:58 PDT"]
[Termination "VladimirBugayev won on time"]

1. d4 Nf6 2. c4 c5 3. d5 b5 4.
Nd2 b4 5. e4 d6 6. Ngf3 g6 7.
b3 Bg7 8. Bb2 O-O 9. h3 a5 10.
a4 bxa3 11. Rxa3 Na6 12. Bd3 Nb4 13. Bb1 e5 14. dxe6 fxe6 15. O-O e5 16. Re1 Nh5 17.
Nf1 Nf4 18. Ne3 Ra7 19. Nd5 Raf7 20. Nxf4 Rxf4 21. Bc1 Rxf3 22. gxf3 Bxh3 23. f4 Qh4 24. Qf3 exf4 25. Rxa5 Be5 26. Ra7 Bg4 27. Qh1 Bh3 28. Qh2 f3 29. Qh1 Qg4+ 0-1

[Event "Late-Titled-Tuesday-Blitz-May-14-2024"]
[Site "Chess.com"]
[Date "2024.05.14"]
[Round "10"]
[White "carloseduar100"]
[Black "laskakid"]
[Result "1-0"]
[WhiteElo "2272"]
[BlackElo "2361"]
[TimeControl "180+1"]
[EndTime "15:53:13 PDT"]
[Termination "carloseduar100 won on time"]

1. e4 d6 2. Nf3 Nf6 3. Nc3 e5 4. Bc4 Be7 5. O-O O-O 6. h3 c6 7. d4 Nbd7 8. Bg5 b5 9. Bb3 b4 10.
dxe5 dxe5 11. Bxf6 Bxf6 12. Ne2 a5 13. a3 Ba6 14. axb4 axb4 15. Re1 Qc7 16. Ng3 Nc5 17. Ba2 Rad8 18. Qc1 Bb5 19. Nf5 Ne6 20. Bxe6 fxe6 21. Ne3 c5 22. b3 Bc6 23. Nc4 Qb7 24. Qe3 Rd4 25. Na5 Qb6 26. Nxc6 Qxc6 27. Nxd4 exd4 28. Qd3 Bh4 29. Re2 e5 30. Qc4+ Kh8 31. Ra6 Qc8 32.
Ra5 Be7 33. Qd5 Rd8 34. Qxe5 Bf8 35. Ra7 c4 36. Qc7 Qxc7 37. Rxc7 d3 38. cxd3 cxd3 39.
Rd2 Bd6 40. Rc4 Bf4 41. Rxd3 Ra8 42. g3 Be5 43. Rxb4 h6 44. Rb5 Bf6 45. Rbd5 Kh7 46. b4 1-0

[Event "Late-Titled-Tuesday-Blitz-May-14-2024"]
[Site "Chess.com"]
[Date "2024.05.14"]
[Round "10"]
[White "Michalczak"]
[Black "KebabJangles"]
[Result "1-0"]
[WhiteElo "2510"]
[BlackElo "2375"]
[TimeControl "180+1"]
[EndTime "15:53:15 PDT"]
[Termination "Michalczak won by resignation"]

1. e4 c5 2. c3 Nf6 3. e5 Nd5 4. Nf3 e6 5. d4 cxd4 6. cxd4 d6 7.
Bc4 Nc6 8. O-O Be7 9. exd6 Qxd6 10. Nc3 Nb6 11. Bb3 a6 12. Re1 O-O 13. g3 Bf6 14. Bf4 Qd8 15. Ne4 Be7 16. Qd3 Nd5 17. Neg5 g6 18.
Bd2 Bf6 19. h4 Bd7 20. Ne5 Rc8 21. a3 Be7 22. Nxh7 Kxh7 23. h5 Nxe5 24. Rxe5 Bf6 25. hxg6+ fxg6 26. Rh5+ Kg7 27. Bh6+ Kf7 28. Re1 Rh8 29.
Rxd5 Rxh6 30. Rxd7+ Qxd7 31. Bxe6+ Qxe6 32. Rxe6 Kxe6 33.
Qe3+ Kf7 34. Qxh6 Rd8 35. Qf4 Rxd4 36. Qc7+ Kg8 37. Qxb7 Rd2 38. b4 1-0

[Event "Late-Titled-Tuesday-Blitz-May-14-2024"]
[Site "Chess.com"]
[Date "2024.05.14"]
[Round "10"]
[White "zverr1"]
[Black "schondeln"]
[Result "1-0"]
[WhiteElo "2450"]
[BlackElo "2343"]
[TimeControl "180+1"]
[EndTime "15:53:18 PDT"]
[Termination "zverr1 won on time"]

1. e4 d5 2. exd5 Qxd5 3. Nc3 Qa5 4. d4 Nf6 5. Bd2 Bg4 6. Be2 Bxe2 7. Qxe2 Qa6 8. Nb5 Qc6 9. Nf3 a6 10. Nc3 Nbd7 11.
O-O-O e6 12. d5 Nxd5 13. Nxd5 Qxd5 14. Bc3 Qb5 15. Qe4 O-O-O 16. Rhe1 Bc5 17. Nd4 Qb6 18.
Nb3 Bxf2 19. Re2 Bc5 20. Bxg7 Rhg8 21. Bc3 Bd6 22. Qxh7 Qb5 23. Qd3 Qxd3 24. Rxd3 Bxh2 25. Rf3 Rdf8 26. Ref2 f6 27. Bxf6 Nxf6 28. Rxf6 Rxf6 29. Rxf6 Rxg2 30. Rxe6 Bf4+ 31. Kd1 Rg1+ 32. Ke2 Rg2+ 33. Kd3 Rg3+ 34. Kc4 Rg2 35. Nd4 b5+ 36. Kd5 Bc1 37. Kc6 1-0

[Event "Late-Titled-Tuesday-Blitz-May-14-2024"]
[Site "Chess.com"]
[Date "2024.05.14"]
[Round "10"]
[White "CarlosjPineror"]
[Black "Ramil_Faizrakhmanov"]
[Result "0-1"]
[WhiteElo "2740"]
[BlackElo "2864"]
[TimeControl "180+1"]
[EndTime "15:53:22 PDT"]
[Termination "Ramil_Faizrakhmanov won by resignation"]

1. e4 e5 2. Nf3 Nc6 3. Bb5 Nf6 4. d4 exd4 5. e5 Ne4 6. O-O d5 7. Nxd4 Bd7 8. Bxc6 bxc6 9. Be3 Be7 10. Nd2 Nxd2 11. Qxd2 c5 12. Nb3 d4 13. Bf4 Be6 14. Rfe1 O-O 15.
Rad1 Qd5 16. Nc1 Rfd8 17. b3 c4 18. Bg5 Bxg5 19. Qxg5 h6 20. Qf4 c5 21. Ne2 Qb7 22. Ng3 a5 23. Ne4 Qe7 24. Nd6 cxb3 25. axb3 a4 26.
bxa4 Rxa4 27. c3 Bb3 28. Nf5 Qg5 29. Qxg5 hxg5 30. Rd2 d3 31. g3 c4 32. Nd4 Rxd4 33. cxd4 Ra2 34. d5 Rxd2 35. d6 Ba4 0-1

[Event "Late-Titled-Tuesday-Blitz-May-14-2024"]
[Site "Chess.com"]
[Date "2024.05.14"]
[Round "10"]
[White "marik_spb"]
[Black "Seppppppy"]
[Result "1-0"]
[WhiteElo "2505"]
[BlackElo "2337"]
[TimeControl "180+1"]
[EndTime "15:53:26 PDT"]
[Termination "marik_spb won by checkmate"]

1. d4 Nf6 2. c4 c5 3. d5 b5 4. cxb5 a6 5. bxa6 g6 6. Nc3 Bg7 7. e4 O-O 8. Nf3 Qa5 9. Bd2 Bxa6 10. Bxa6 Qxa6 11. Qe2 Qxe2+ 12. Kxe2 d6 13. Rhe1 Nbd7 14.
Kf1 Rfb8 15. Rab1 Nb6 16. Bg5 Nfd7 17. Bxe7 Nc4 18. b3 Bxc3 19. bxc4 Bxe1 20. Rxb8+ Nxb8 21. Kxe1 Ra6 22. e5 dxe5 23. Nxe5 f6 24. Nd3 Nd7 25. Nxc5 Nxc5 26. Bxc5 Rxa2 27. Be3 Kf7 28. c5 Ke7 29.
Bf4 Ra4 30. Be3 f5 31. g3 Kf6 32. Kd2 Ke5 33. d6 Ke6 34. Kc3 h6 35. Kb3 Ra8 36. Bxh6 Rh8 37. Be3 Rxh2 38. Kc4 Kd7 39. Kd5 Rh1 40.
c6+ Kc8 41. d7+ Kc7 42. Bf4+ Kd8 43. Bg5+ Kc7 44. d8=Q# 1-0

[Event "Late-Titled-Tuesday-Blitz-May-14-2024"]
[Site "Chess.com"]
[Date "2024.05.14"]
[Round "10"]
[White "PenguinPacks"]
[Black "Abund"]
[Result "1-0"]
[WhiteElo "2570"]
[BlackElo "2768"]
[TimeControl "180+1"]
[EndTime "15:53:28 PDT"]
[Termination "PenguinPacks won by resignation"]

1. e4 c6 2. d4 d5 3. e5 Bf5 4.
Nf3 e6 5. Be2 h6 6. O-O Nd7 7.
c3 Ne7 8. Na3 Qc7 9. Nc2 Bh7 10.
b4 a5 11. a4 axb4 12. cxb4 Nf5 13. g4 Ne7 14. Nfe1 h5 15. gxh5 Nf5 16. Bd2 Be7 17. Kh1 b6 18. f4 c5 19. dxc5 bxc5 20. b5 c4 21. a5 Nc5 22. b6 Qb7 23. Bf3 Nb3 24.
Ra2 Nh4 25. Bb4 Nxf3 26. Nxf3 Bxc2 27. Qxc2 Bxb4 28. f5 Rh6 29. fxe6 Rxe6 30. Qh7 Bf8 31.
Ng5 d4+ 32. Rg2 Re7 33. e6 f6 34. Qg6+ Kd8 35. h6 Rxa5 36. h7 Rxg5 37. Qxg5 fxg5 38. Rxf8+ Re8 39. Rxe8+ Kxe8 40. h8=Q+ Ke7 41. Qxg7+ Kxe6 42. Qxb7 Nc5 43. Qc6+ 1-0

[Event "Late-Titled-Tuesday-Blitz-May-14-2024"]
[Site "Chess.com"]
[Date "2024.05.14"]
[Round "10"]
[White "Duhless"]
[Black "LiemLe"]
[Result "1-0"]
[WhiteElo "3131"]
[BlackElo "3054"]
[TimeControl "180+1"]
[EndTime "15:53:31 PDT"]
[Termination "Duhless won by resignation"]

1. d4 d5 2. c4 e6 3. Nf3 Nf6 4.
g3 dxc4 5. Bg2 Bb4+ 6. Nbd2 b5 7.
Ne5 Nd5 8. O-O O-O 9. Qc2 Bb7 10. b3 Bc3 11. Rb1 Bxd4 12. bxc4 Bxe5 13. cxd5 a6 14. Nf3 Bf6 15. dxe6 Nc6 16. Ba3 Be7 17. Rfd1 Qe8 18.
Bxe7 Qxe7 19. Rd7 Qxe6 20. Rxc7 Rab8 21. Ng5 Qh6 22. Bxc6 Bxc6 23. Nxf7 Rxf7 24. Rxc6 Rf6 25. Rc1 Rbf8 26. e3 Kh8 27. Qc5 Qh3 28. Rxf6 1-0

[Event "Late-Titled-Tuesday-Blitz-May-14-2024"]
[Site "Chess.com"]
[Date "2024.05.14"]
[Round "10"]
[White "PNEPaul"]
[Black "giovannibrandao7"]
[Result "0-1"]
[WhiteElo "1906"]
[BlackElo "2286"]
[TimeControl "180+1"]
[EndTime "15:53:31 PDT"]
[Termination "giovannibrandao7 won by resignation"]

1. e4 c5 2. Nf3 d6 3. d4 cxd4 4. c3 Nf6 5. Bd3 dxc3 6. Nxc3 Nc6 7. Bf4 e6 8. a3 Be7 9. Qe2 O-O 10. Rd1 a6 11. e5 Nd5 12. Bg3 dxe5 13. Nxe5 Nxe5 14. Bxe5 Bf6 15. Bxf6 Qxf6 16. Nxd5 exd5 17. O-O Bf5 18. Qf3 Bxd3 19. Qxf6 gxf6 20. Rxd3 Rfd8 21. Rfd1 Rac8 22. h3 Rc2 23. R1d2 Rxd2 24. Rxd2 Kg7 25. Kf1 f5 26.
Ke2 Kf6 27. Kd3 Ke5 28. Re2+ Kd6 29. Kd4 Rc8 30. Kd3 f4 31. b3 f5 32. Rd2 Rg8 33.
f3 Re8 34. Kc2 Re3 35. Kb2 Ke5 36. Kc2 d4 37. Rd3 Re2+ 38. Rd2 Re1 39. Kd3 Kd5 40. Re2 Rxe2 41. Kxe2 a5 42. Kd3 b5 43. Kd2 h5 44.
Kd3 a4 45. b4 h4 46. Kc2 Kc4 47. Kd2 Kb3 48. Kd3 Kxa3 49. Kxd4 Kxb4 50. Ke5 a3 0-1

[Event "Late-Titled-Tuesday-Blitz-May-14-2024"]
[Site "Chess.com"]
[Date "2024.05.14"]
[Round "10"]
[White "Atanejhad"]
[Black "rionelG"]
[Result "1-0"]
[WhiteElo "2485"]
[BlackElo "2320"]
[TimeControl "180+1"]
[EndTime "15:53:34 PDT"]
[Termination "Atanejhad won on time"]

1. d4 Nf6 2. c4 g6 3. Nc3 Bg7 4. e4 O-O 5. f3 d6 6. Be3 c5 7.
dxc5 dxc5 8. Qxd8 Rxd8 9. Bxc5 Nc6 10. Rd1 Rxd1+ 11. Kxd1 b6 12. Ba3 Nd7 13. Nd5 e6 14.
Nc7 Rb8 15. Nb5 Ba6 16. Ne2 Nde5 17. Nec3 Rd8+ 18. Kc2 Bh6 19. Nd6 Nd4+ 20. Kb1 Bf8 21. c5 Bxf1 22. Rxf1 bxc5 23. Nb7 Rb8 24. Na5 c4 25.
Bxf8 Kxf8 26. f4 Ndc6 27. Nxc6 Nxc6 28. Rd1 Rd8 29. Rxd8+ Nxd8 30. Nb5 Nc6 31. Nd6 f5 32. exf5 gxf5 33. Nxc4 Nd4 34. b4 h5 35. g3 Nf3 36. h4 Nd4 37. a4 Ne2 38. b5 Nc3+ 39. Kc2 Nxa4 40. Kd3 Ke7 41. Ne5 1-0

[Event "Late-Titled-Tuesday-Blitz-May-14-2024"]
[Site "Chess.com"]
[Date "2024.05.14"]
[Round "10"]
[White "angelgab3"]
[Black "emiliocordova"]
[Result "0-1"]
[WhiteElo "2731"]
[BlackElo "2917"]
[TimeControl "180+1"]
[EndTime "15:53:36 PDT"]
[Termination "emiliocordova won by resignation"]

1. e4 c5 2. Nf3 Nc6 3. Bb5 e6 4.
O-O Nge7 5. d4 cxd4 6. Nxd4 Ng6 7. Be3 Be7 8. c3 O-O 9. Nd2 Qc7 10. Rc1 d6 11. f4 Bd7 12. Kh1 Rac8 13. Bd3 a6 14.
Bb1 Qb8 15. c4 Nxd4 16. Bxd4 e5 17. fxe5 dxe5 18. Be3 Be6 19. c5 Rfd8 20. Qe1 Nf4 21. Nf3 Nd3 22. Bxd3 Rxd3 23. b3 f6 24. Qe2 Rcd8 25.
c6 Qc7 26. Bb6 Qxb6 27. c7 R8d6 28. c8=Q+ Bxc8 29. Rxc8+ Rd8 30. Qc2 Rxc8 31. Qxd3 Qb5 32. Qxb5 axb5 33. Rd1 Rc2 34. h4 Bc5 35. Rd7 b6 36. a4 bxa4 37. bxa4 Rc4 38. h5 Rxe4 39.
Rd8+ Kf7 40. Rd7+ Kf8 41. Rd8+ Ke7 42. Ra8 Ke6 43. Ra7 g5 44. Rxh7 g4 45. h6 gxf3 46. gxf3 Rh4+ 47. Kg2 Be3 0-1

[Event "Late-Titled-Tuesday-Blitz-May-14-2024"]
[Site "Chess.com"]
[Date "2024.05.14"]
[Round "10"]
[White "azikom"]
[Black "Arystanner"]
[Result "0-1"]
[WhiteElo "2698"]
[BlackElo "2838"]
[TimeControl "180+1"]
[EndTime "15:53:40 PDT"]
[Termination "Arystanner won on time"]

1. d4 d5 2. Bf4 Nf6 3. e3 e6 4. Nf3 c5 5. c3 Nc6 6. Nbd2 Nh5 7. Be5 f6 8. Bg3 g6 9. Be2 cxd4 10.
exd4 Be7 11. Nb3 O-O 12. O-O Nxg3 13. hxg3 b6 14. a4 Kg7 15. Re1 Qd6 16. a5 Bd7 17. Bb5 Nxa5 18. Bxd7 Nxb3 19. Bxe6 Nxa1 20. Qxa1 a5 21. Bxd5 Qxd5 22. Rxe7+ Rf7 23. Re3 b5 24. Qe1 a4 25. g4 h6 26. Nd2 b4 27. cxb4 Qxd4 28.
Ne4 Qxb2 29. Nd6 a3 30. Re7 a2 31. Rxf7+ Kg8 32. Rg7+ Kxg7 33. Qe7+ Kg8 34. Qf7+ Kh8 35. Qxg6 a1=Q+ 36. Kh2 Qe5+ 37. g3 Qxd6 38. Qxh6+ Kg8 39.
Qg6+ Kf8 40. Qh6+ Ke7 41. Qh7+ Kd8 42. Qg8+ Kc7 43. Qc4+ Kb6 0-1

[Event "Late-Titled-Tuesday-Blitz-May-14-2024"]
[Site "Chess.com"]
[Date "2024.05.14"]
[Round "10"]
[White "Boninknights"]
[Black "jinxy2009"]
[Result "1-0"]
[WhiteElo "2389"]
[BlackElo "2302"]
[TimeControl "180+1"]
[EndTime "15:53:40 PDT"]
[Termination "Boninknights won by resignation"]

1. d4 d5 2. Nf3 Nf6 3. c4 c6 4. Qb3 e6 5. Nc3 Nbd7 6. Bg5 h6 7. Bh4 Be7 8. e3 O-O 9. Bd3 dxc4 10. Qxc4 c5 11. O-O b6 12. Rfd1 Bb7 13. Be2 Nd5 14. dxc5 Bxh4 15. Nxh4 Nxc3 16. Qxc3 Rc8 17. b4 bxc5 18.
Nf3 Qe7 19. b5 Rfd8 20. a4 Nf6 21. Ne5 Ne4 22. Qb2 Qh4 23. g3 Qh3 24. Bf3 f6 25. Bg4 Ng5 26. Bxh3 Nxh3+ 27. Kf1 fxe5 28. Qxe5 Ng5 29.
h4 Nf3 30. Qxe6+ Kh8 31. Rxd8+ Rxd8 32. Qe7 Rd2 33. Qxb7 1-0

[Event "Late-Titled-Tuesday-Blitz-May-14-2024"]
[Site "Chess.com"]
[Date "2024.05.14"]
[Round "10"]
[White "kingofthenil"]
[Black "Magicmaster17"]
[Result "1/2-1/2"]
[WhiteElo "2887"]
[BlackElo "2894"]
[TimeControl "180+1"]
[EndTime "15:53:42 PDT"]
[Termination "Game drawn by agreement"]

1. d4 Nf6 2. c4 e6 3. Nf3 d5 4. g3 Bb4+ 5. Nbd2 O-O 6. Qc2 c5 7. a3 Bxd2+ 8. Qxd2 cxd4 9. cxd5 e5 10. Nxe5 Qxd5 11.
Nf3 Nc6 12. Bg2 Bf5 13. O-O Be4 14. b4 Ne5 15. Bb2 Bxf3 16. exf3 Nxf3+ 17. Bxf3 Qxf3 18. Bxd4 Rfd8 19. Rfd1 Ng4 20. h3 Rd6 21. Qf4 Qxf4 22. gxf4 Nf6 23. Bxa7 Ra6 24. Bc5 h6 25. Rd3 Nh5 26. Be3 Rf6 27. Rd4 Rfa6 28. b5 Ra5 29. a4 Rxb5 30. axb5 Rxa1+ 31. Kg2 Rb1 32. b6 Nf6 33. Rd8+ Kh7 34. Rb8 Nd5 35. Rxb7 Kg6 36. Rd7 Nxe3+ 37. fxe3 Rxb6 38. Kf3 f5 39. Rd3 Kf6 40. e4 fxe4+ 41. Kxe4 g5 42. fxg5+ hxg5 43. Kf3 Kg6 1/2-1/2

[Event "Late-Titled-Tuesday-Blitz-May-14-2024"]
[Site "Chess.com"]
[Date "2024.05.14"]
[Round "10"]
[White "duone"]
[Black "PawnEatingZombie"]
[Result "1-0"]
[WhiteElo "2420"]
[BlackElo "2301"]
[TimeControl "180+1"]
[EndTime "15:53:45 PDT"]
[Termination "duone won by resignation"]

1. e4 c5 2. Nf3 Nc6 3. Bb5 Nf6 4. Bxc6 dxc6 5. d3 Bg4 6. O-O e6 7. Be3 Be7 8. Nbd2 O-O 9. h3 Bh5 10. a4 a5 11. g4 Bg6 12. Qe2 b6 13. Rfd1 Qc7 14. Nf1 h5 15. g5 Nd7 16. Ng3 Rad8 17. Nh4 e5 18. Nhf5 Rfe8 19. Nxh5 Bxh5 20. Qxh5 Nf8 21.
Qg4 Ne6 22. h4 Bf8 23. h5 g6 24. hxg6 fxg6 25. Kg2 Bg7 26. Rh1 Kf7 27. Rh7 Rh8 28.
Rah1 Rxh7 29. Rxh7 gxf5 30. exf5 Nf4+ 31. Bxf4 exf4 32.
f6 Rg8 33. Qf5 Qc8 34. Rxg7+ Rxg7 35. Qxc8 1-0

[Event "Late-Titled-Tuesday-Blitz-May-14-2024"]
[Site "Chess.com"]
[Date "2024.05.14"]
[Round "10"]
[White "RespectfulDaveOnYouTube"]
[Black "MKlose11"]
[Result "0-1"]
[WhiteElo "2525"]
[BlackElo "2632"]
[TimeControl "180+1"]
[EndTime "15:53:47 PDT"]
[Termination "MKlose11 won by resignation"]

1. Nf3 Nf6 2. Nc3 c5 3. e4 d6 4.
d4 cxd4 5. Nxd4 Nc6 6. Bg5 Qb6 7.
Nb3 h6 8. Bxf6 gxf6 9. Nd5 Qd8 10. g3 e6 11. Ne3 Be7 12. Qh5 Bd7 13. O-O-O a5 14. Nd4 Nxd4 15. Rxd4 a4 16. Nc4 Qc7 17. Be2 b5 18. Na3 Rb8 19. Bxb5 Bxb5 20. Nxb5 Qb6 21.
Rb4 d5 22. exd5 Bxb4 23. dxe6 O-O 24. Qg4+ Kh8 25. Qxb4 Qxb5 26. Qd4 Qe5 27. Qxe5 fxe5 28. Re1 fxe6 29. Rxe5 Rb6 30. f4 Kg7 31. b3 axb3 32. axb3 Rd8 33. Re2 Rd5 34. Kb2 Kf6 35. c4 Rd3 36.
Kc2 Rdxb3 37. Re5 Rb2+ 38. Kc3 R6b3+ 39. Kd4 Rb4 40. Rh5 Kg6 41. Re5 Kf7 42. Rh5 Rc2 43.
Rc5 Rxh2 44. f5 exf5 45. Ke5 Kg6 46. Kf4 Rf2+ 47. Ke3 Rc2 48. Rc6+ Kg5 49. Rc8 Rcxc4 50. Rg8+ Kf6 51. Rh8 Kg7 52. Rd8 Rg4 53. Kf2 Rb3 54. Rd7+ Kg6 55. Rd6+ Kg5 56. Rd5 Rbxg3 57. Rd8 Rb3 58.
Rg8+ Kf4 59. Rb8 Rxb8 0-1

[Event "Late-Titled-Tuesday-Blitz-May-14-2024"]
[Site "Chess.com"]
[Date "2024.05.14"]
[Round "10"]
[White "EsmeraldasAnderson03"]
[Black "only_strong_moves"]
[Result "0-1"]
[WhiteElo "2545"]
[BlackElo "2673"]
[TimeControl "180+1"]
[EndTime "15:53:48 PDT"]
[Termination "only_strong_moves won on time"]

1. d4 Nf6 2. c4 e6 3. Nc3 d5 4.
cxd5 exd5 5. Bg5 c6 6. Qc2 Be7 7.
e3 O-O 8. Bd3 h6 9. Bh4 Nbd7 10.
Nf3 Re8 11. O-O Nf8 12. Rab1 Nh5 13. Bxe7 Qxe7 14. b4 a6 15. a4 Bg4 16. Ne5 Be6 17. b5 axb5 18. axb5 f6 19. Ng6 Nxg6 20. Bxg6 Bf7 21. bxc6 bxc6 22. Bxf7+ Qxf7 23. g4 f5 24. gxh5 Qxh5 25. Ne2 Re6 26. Ng3 Rg6 27. Rb6 Rc8 28. Rc1 Qh3 29. Kh1 h5 30. Rb7 Rf8 31.
Qe2 h4 32. Qh5 Rh6 33. Qg5 Rh7 34. Nf1 f4 35. Qg2 Qc8 36. Rb6 h3 37. Qg1 Qe8 38. f3 Rh6 39. exf4 Qe2 40. Rbxc6 Qxf3+ 0-1

[Event "Late-Titled-Tuesday-Blitz-May-14-2024"]
[Site "Chess.com"]
[Date "2024.05.14"]
[Round "10"]
[White "Balla_Tamas"]
[Black "ZachHKL"]
[Result "1-0"]
[WhiteElo "2541"]
[BlackElo "2325"]
[TimeControl "180+1"]
[EndTime "15:53:50 PDT"]
[Termination "Balla_Tamas won by resignation"]

1. e4 c5 2. c3 d5 3. exd5 Nf6 4. d4 Nxd5 5. Nf3 cxd4 6. cxd4 g6 7. Bc4 Nb6 8. Bb3 Bg7 9. Nc3 O-O 10. O-O Nc6 11. d5 Na5 12. Re1 Bg4 13. Bg5 Re8 14. h3 Bxf3 15. Qxf3 Nxb3 16. axb3 Bxc3 17. bxc3 Qxd5 18.
Qxd5 Nxd5 19. c4 Nf6 20. Bxf6 exf6 21. Rxe8+ Rxe8 22. Rxa7 Re7 23. c5 Kf8 24. b4 Ke8 25. b5 Kd8 26. Kf1 Kc7 27. g3 Re5 28. Ra8 h5 29. Rf8 Re7 30. h4 Kd7 31. b6 f5 32. Rb8 Kc6 33. Rc8+ Kd5 34. Rc7 Re6 35. Kg2 Rc6 36. Rxf7 Kxc5 37. Rxb7 Rxb6 38. Rxb6 Kxb6 39. Kf3 Kc6 40. Kf4 Kd5 41. Kg5 Ke4 42. Kxg6 Kf3 43.
Kxf5 Kxf2 44. g4 Kg3 45. gxh5 Kxh4 46. Kg6 1-0

[Event "Late-Titled-Tuesday-Blitz-May-14-2024"]
[Site "Chess.com"]
[Date "2024.05.14"]
[Round "10"]
[White "slorovel"]
[Black "HajiyevKanan"]
[Result "0-1"]
[WhiteElo "2551"]
[BlackElo "2450"]
[TimeControl "180+1"]
[EndTime "15:53:52 PDT"]
[Termination "HajiyevKanan won on time"]

1. e4 c6 2. Nf3 d5 3. Nc3 a6 4. d4 Bg4 5. Be2 e6 6. O-O Nf6 7. h3 Bh5 8. exd5 cxd5 9. Ne5 Bxe2 10. Nxe2 Nc6 11. Nxc6 bxc6 12. Nf4 Bd6 13. Nd3 O-O 14. c3 Rc8 15. Bf4 Bxf4 16. Nxf4 c5 17. dxc5 Rxc5 18. Qe2 Qb6 19. Nd3 Rc7 20. a4 a5 21. Rfc1 Rb8 22. b4 Ne4 23. Qb2 Rbc8 24. Ra3 Nd6 25. Rb3 Nc4 26. Qa2 h6 27. bxa5 Qxa5 28. Rb5 Qa6 29.
Nb4 Qa7 30. a5 Ra8 31. a6 Nd6 32. Ra5 Nc4 33. Ra4 Ne5 34. Qd2 Nc6 35. Rb1 Qb6 36. Rba1 Rca7 37. Qd3 Ne5 38. Qd4 Nc4 39. Qxb6 Nxb6 40.
R4a2 Rc8 41. Ra3 Nc4 42. R3a2 Nd6 43. Ra3 Nb5 44. Ra5 Nxc3 45. Kf1 Rc4 46. Nd3 f6 47. Rb1 Rc6 48. Nb4 Rb6 49. Rb2 Ne4 50. Nd3 Raxa6 51. Rxa6 Rxa6 0-1

[Event "Late-Titled-Tuesday-Blitz-May-14-2024"]
[Site "Chess.com"]
[Date "2024.05.14"]
[Round "10"]
[White "Love7Unicorn"]
[Black "Orest_Vovk"]
[Result "0-1"]
[WhiteElo "2505"]
[BlackElo "2674"]
[TimeControl "180+1"]
[EndTime "15:53:53 PDT"]
[Termination "Orest_Vovk won by resignation"]

1. d4 h6 2. c4 g5 3. Nc3 Bg7 4. h4 c5 5. d5 Bxc3+ 6. bxc3 Qa5 7. Bd2 g4 8. h5 d6 9. e4 Nf6 10. Bd3 Nbd7 11. Ne2 Ne5 12. Qc2 Nxd3+ 13. Qxd3 Qa4 14. Bf4 Nd7 15. Rh4 Nb6 16. e5 Qxc4 17. O-O-O Qxd3 18. Rxd3 Bf5 19. Rd1 dxe5 20. Bxe5 f6 21. Bc7 Nc4 22. Ng3 Bd7 23. Bf4 O-O-O 24. Rd3 f5 25. Rh1 e5 26.
dxe6 Bxe6 27. Rhd1 Rxd3 28. Rxd3 b6 29. Kb1 a5 30.
Kc1 a4 31. Kb1 a3 32. Rd1 Bd7 33. Bc1 Bc6 34. Ka1 Bd7 35. Bf4 Be6 36. Bc1 Rh7 37.
Kb1 Bd7 38. Ka1 b5 39. Bf4 Kb7 40. Bc1 Kb6 41. Bxh6 Rxh6 42. Rxd7 f4 43. Nf5 Rxh5 44.
Kb1 Rxf5 0-1

[Event "Late-Titled-Tuesday-Blitz-May-14-2024"]
[Site "Chess.com"]
[Date "2024.05.14"]
[Round "10"]
[White "FaustinoOro"]
[Black "XDPS"]
[Result "1-0"]
[WhiteElo "2923"]
[BlackElo "2804"]
[TimeControl "180+1"]
[EndTime "15:53:54 PDT"]
[Termination "FaustinoOro won by resignation"]

1. d4 d5 2. Nf3 e6 3. c4 Nf6 4. Nc3 c6 5. e3 Nbd7 6. Qc2 Be7 7. b3 O-O 8. Bb2 b6 9. Be2 Bb7 10. O-O h6 11. Rac1 Rc8 12. Rfd1 Qc7 13. Qb1 Qb8 14.
e4 dxe4 15. Nxe4 c5 16. Ng3 Rfe8 17. Qa1 Qa8 18. dxc5 Nxc5 19. Ne1 Rcd8 20. Rxd8 Rxd8 21. Rd1 Rxd1 22. Qxd1 a5 23. Bf3 a4 24. b4 a3 25.
Bxf6 Bxf6 26. bxc5 bxc5 27. Qb3 Bxf3 28. Nxf3 Bb2 29. h3 Qd8 30. Ne4 Qc7 31. Qd3 f5 32.
Nc3 Qf4 33. Nb5 e5 34. Qd5+ Kh7 35. g3 Qc1+ 36. Kg2 f4 37. Qe4+ Kg8 38. gxf4 exf4 39. Nd6 Qd1 40. Qe6+ Kh7 41. Nf5 Qd3 42. Ne7 Qd8 43. Nh4 Bf6 44. Qf5+ Kh8 45. Nhg6+ 1-0